 Dungeon Crawl Stone Soup version 0.18.1-6-gd335043 (webtiles) character file.

5540 Krapule the Summoner (level 10, 0/63 HPs)
             Began as a Tengu Summoner on May 16, 2016.
             Was a Priest of Cheibriados.
             Killed from afar by an electric eel (3 damage)
             ... with a bolt of electricity
             ... on level 9 of the Dungeon.
             The game lasted 01:08:45 (10033 turns).

Krapule the Summoner (Tengu Summoner)              Turns: 10033, Time: 01:08:47

Health: 0/63       AC:  8    Str: 19    XL:     10   Next: 71%
Magic:  19/19      EV: 20    Int: 20    God:    Cheibriados [***...]
Gold:   220        SH:  0    Dex: 23    Spells: 3 memorised, 13 levels left

rFire  + . .     SeeInvis +     A - +5 scythe of Hospitality {drain, rF+}
rCold  . . .     Gourm    .     n - +2 leather armour of Tulips {rN++ Int-3 Dex+2 SInv}
rNeg   + + .     Faith    .     (shield currently unavailable)
rPois  .         Spirit   .     (helmet restricted)
rElec  .         Dismiss  .     J - +0 cloak
rCorr  +         Reflect  .     v - +1 pair of gloves
SustAt .         Harm     .     (boots unavailable)
MR     .....                    l - amulet of regeneration
Stlth  ++........               (no ring)
                                g - ring of resist corrosion

@: very slow, not resistant to hostile enchantments, unstealthy
A: beak, talons 3, able to fly 1
a: Fly, Bend Time, Temporal Distortion, Renounce Religion


You were on level 9 of the Dungeon.
You worshipped Cheibriados.
Cheibriados was most pleased with you.
You were not hungry.

You visited 2 branches of the dungeon, and saw 10 of its levels.
You also visited: Sewer.

You collected 452 gold pieces.
You spent 232 gold pieces at shops.

Inventory:

Hand Weapons
 y - a +4 trident
 A - the +5 scythe of Hospitality (weapon) {drain, rF+}
   (You bought it in a shop on level 4 of the Dungeon)

   A truly terrible weapon, it drains the life of those it strikes.
   It protects you from fire.
Missiles
 d - 21 tomahawks (quivered)
Armour
 j - a +0 buckler
 n - the +2 leather armour of Tulips (worn) {rN++ Int-3 Dex+2 SInv}
   (You found it on level 8 of the Dungeon)

   It affects your intelligence (-3).
   It affects your dexterity (+2).
   It greatly protects you from negative energy.
   It lets you see invisible.
 v - a +1 pair of gloves (worn)
 G - the +1 leather armour of the Pleiades {Regen+}
   (You found it on level 7 of the Dungeon)

   It increases your rate of regeneration.
 J - a +0 cloak (worn)
Jewellery
 g - a ring of resist corrosion (left hand)
 l - an amulet of regeneration (around neck)
 w - an uncursed amulet of harm
 B - an uncursed ring of flight
Wands
 a - a wand of lightning (5/15)
 m - a wand of acid (7/15)
 x - a wand of flame (26/48)
 D - a wand of acid (0/15)
 H - a wand of digging (5/24)
Scrolls
 k - a scroll of teleportation
 q - a scroll of fog
 s - 3 scrolls of magic mapping
Potions
 e - 3 potions of cancellation
 f - 9 potions of flight
 h - a potion of mutation {unknown}
 i - a potion of magic
 p - 2 potions of might
 t - a potion of curing
 C - 2 potions of cure mutation
 I - 2 potions of brilliance
Books
 b - a book of Callings

   Spells                             Type                      Level
   a - Summon Small Mammal            Summoning                    1
   b - Call Imp                       Summoning                    2
   c - Call Canine Familiar           Summoning                    3
   d - Summon Guardian Golem          Hexes/Summoning              3
   e - Summon Lightning Spire         Summoning/Air                4
   f - Summon Ice Beast               Ice/Summoning                4
Comestibles
 c - 7 bread rations
 u - 3 fruits
 E - a beef jerky
 F - 2 meat rations


   Skills:
 + Level 7.1 Fighting
 - Level 4.0 Polearms
 - Level 0.2 Throwing
 - Level 4.0 Armour
 + Level 8.4 Dodging
 - Level 2.0 Stealth
 + Level 5.9 Spellcasting
 + Level 10.0 Summonings
 + Level 1.1 Ice Magic
 - Level 3.0 Invocations


You had 13 spell levels left.
You knew the following spells:

 Your Spells              Type           Power        Failure   Level  Hunger
a - Summon Small Mammal   Summ           ####         1%          1    None
b - Call Imp              Summ           #####...     1%          2    None
c - Summon Ice Beast      Ice/Summ       ####....     14%         4    ####...


Dungeon Overview and Level Annotations

Branches:
Dungeon (9/15)             Temple (1/1) D:4
   Lair: D:8-11         Orc: D:9-12

Altars:
Ashenzari
Cheibriados
Dithmenos
Elyvilon
Fedhas
Gozag
Kikubaaqudgha
Makhleb
Nemelex Xobeh
Okawaru
Pakellas
Qazlal
Ru
Sif Muna
Trog
Vehumet
Xom
Yredelemnul
Zin
The Shining One

Shops:
D:4 (   D:5 [


Innate Abilities, Weirdness & Mutations

You have a beak for a mouth.
You have claws for feet.
You can fly.


Message History

The bolt of electricity hits you!
The electric eel shoots out a bolt of lightning at you!
The bolt of electricity misses you. The bolt of electricity hits you!
Attack whom?
Press: ? - help, Dir - move target cursor, f/p - electric eel
Aim: an electric eel (severely wounded, heavily drained)
You reach to attack!
You miss the electric eel.
The electric eel is severely wounded.
The electric eel shoots out a bolt of lightning at you!
The bolt of electricity hits you!
The electric eel shoots out a bolt of lightning at you!
The bolt of electricity hits you! x2
The electric eel shoots out a bolt of lightning at you!
The bolt of electricity hits you!
* * * LOW HITPOINT WARNING * * *
The electric eel shoots out a bolt of lightning at you!
The bolt of electricity hits you!
* * * LOW HITPOINT WARNING * * *
The bolt of electricity hits you!
You die...

.##.≈≈≈≈≈≈≈≈≈..
...≈≈≈;≈≈≈≈≈≈..
...≈≈≈≈≈≈≈≈≈≈##
..≈≈≈≈≈≈≈≈≈.. ..
..≈≈≈≈≈≈≈≈# ≈..
.####.≈≈≈≈≈≈### ≈...
.......≈≈;≈.......≈≈≈≈.≈
#.@≈≈.# #..≈≈≈≈≈.≈
##.#.## #..≈≈≈≈≈.≈ #.#
.. ..≈.≈≈.≈.≈ #.# ##
#...≈≈.≈.≈ #.#
#....≈.(.;
#.#######.$.......
#..†....#.........
######.##.#.....T. #.#
#####.#.


You could see 2 electric eels.

Vanquished Creatures
  Erica (D:8)
  A hill giant (D:8)
  Sigmund (D:3)
  5 yaks (D:8)
  A hippogriff (D:7)
  A hungry ghost (D:7)
  4 orc warriors
  2 sky beasts (D:6)
  A black bear (D:8)
  4 ogres
  A wolf (D:9)
  A phantom (D:4)
  4 centaurs
  A giant frog (D:4)
  A gnoll sergeant (D:7)
  A scorpion (D:7)
  6 killer bees (D:8)
  A vampire bat (D:5)
  A howler monkey (D:8)
  7 hounds
  3 quasits
  2 jellies
  2 orc priests
  A centaur skeleton (D:4)
  7 orc wizards
  2 iguanas
  4 worker ants
  A hound skeleton (D:4)
  6 adders
  6 gnolls
  A river rat (D:3)
  An ooze (D:6)
  3 adder skeletons
  An adder zombie (D:7)
  4 worms
  2 dart slugs
  5 giant geckos
  21 orcs
  12 bats
  4 giant cockroaches
  7 goblins
  14 hobgoblins
  13 jackals
  5 quokkas
  2 ball pythons
  9 giant newts
  5 kobolds
  A quokka skeleton (D:7)
  7 rats
196 creatures vanquished.

Vanquished Creatures (collateral kills)
  Purgy (Sewer)
  An ogre (D:5)
  A centaur (D:5)
  A giant frog (D:8)
  A killer bee (D:8)
  2 howler monkeys
  2 orc priests
  2 orc wizards
  A hound zombie (D:8)
  2 gnolls
  2 adders
  A worm (D:6)
  A giant gecko (D:8)
  9 orcs
  A bat (D:5)
  A giant cockroach (D:1)
  A hobgoblin (D:1)
  2 jackals
  2 giant newts (Sewer)
34 creatures vanquished.

Grand Total: 230 creatures vanquished

Notes
Turn   | Place    | Note
--------------------------------------------------------------
     0 | D:1      | Krapule the Tengu Summoner began the quest for the Orb.
     0 | D:1      | Reached XP level 1. HP: 10/10 MP: 4/4
   419 | D:1      | Reached skill level 5 in Summonings
   673 | D:1      | Reached XP level 2. HP: 15/15 MP: 6/6
   686 | D:1      | Learned a level 2 spell: Call Imp
  1066 | D:2      | Found a radiant altar of Vehumet.
  1132 | D:2      | Reached XP level 3. HP: 17/20 MP: 7/7
  1838 | D:2      | Reached skill level 1 in Fighting
  2003 | D:2      | Reached XP level 4. HP: 25/25 MP: 8/8
  2387 | D:3      | Found an iron altar of Okawaru.
  2431 | D:3      | Noticed Sigmund
  2451 | D:3      | Found a glowing drain.
  2460 | Sewer    | Entered a sewer
  2535 | Sewer    | Noticed Purgy
  2553 | Sewer    | Killed Purgy
  2553 | Sewer    | Reached skill level 1 in Armour
  2553 | Sewer    | Gained mutation: You can fly. [Tengu growth]
  2553 | Sewer    | Reached XP level 5. HP: 20/30 MP: 1/9
  3250 | D:3      | Found a deep blue altar of Sif Muna.
  3283 | D:3      | Reached XP level 6. HP: 21/36 MP: 11/11
  3725 | D:4      | Found a shimmering altar of Xom.
  3733 | D:4      | Reached skill level 6 in Summonings
  3932 | D:4      | Found a staircase to the Ecumenical Temple.
  3941 | Temple   | Entered the Ecumenical Temple
  4051 | D:4      | Reached XP level 7. HP: 26/40 MP: 11/13
  4111 | D:4      | Found Dahate's Antique Weapon Shoppe.
  4624 | D:5      | Entered Level 5 of the Dungeon
  4670 | D:4      | Bought a shimmering scythe for 232 gold pieces
  4675 | D:4      | Identified the +5 scythe of Hospitality {drain, rF+} (You bought it in a shop on level 4 of the Dungeon)
  4783 | D:5      | Reached skill level 5 in Dodging
  4840 | D:5      | Reached XP level 8. HP: 38/48 MP: 15/15
  5096 | D:5      | Found Xyafywne's Antique Armour Shoppe.
  5464 | D:5      | Reached skill level 1 in Polearms
  5464 | D:5      | Reached skill level 7 in Summonings
  6081 | D:6      | Found a white marble altar of Elyvilon.
  6381 | D:6      | Reached XP level 9. HP: 53/53 MP: 10/17
  6585 | D:6      | Found a glowing silver altar of Zin.
  6586 | D:6      | Found a snail-covered altar of Cheibriados.
  6590 | D:6      | Became a worshipper of Cheibriados the Contemplative
  6712 | D:6      | Reached skill level 5 in Fighting
  6912 | D:7      | Reached skill level 5 in Spellcasting
  6961 | D:7      | Reached skill level 1 in Invocations
  7116 | D:7      | Got a twisted leather armour
  7127 | D:7      | Identified the cursed +1 leather armour of the Pleiades {Regen+} (You found it on level 7 of the Dungeon)
  7323 | D:7      | Reached skill level 8 in Summonings
  7392 | D:7      | Reached * piety under Cheibriados
  7659 | D:8      | Noticed Erica
  7986 | D:8      | Noticed a hill giant
  8003 | D:8      | Killed a hill giant
  8241 | D:8      | Got a translucent leather armour
  8256 | D:8      | Identified the +2 leather armour of Tulips {rN++ Int-3 Dex+2 SInv} (You found it on level 8 of the Dungeon)
  8262 | D:8      | Found a basalt altar of Yredelemnul.
  8336 | D:8      | Reached ** piety under Cheibriados
  8414 | D:8      | Reached XP level 10. HP: 49/60 MP: 15/18
  8525 | D:8      | Killed Erica
  8525 | D:8      | Reached skill level 9 in Summonings
  8901 | D:3      | Killed Sigmund
  9214 | D:8      | HP: 3/91 [yak (8)]
  9220 | D:8      | HP: 2/91 [yak (8)]
  9327 | D:8      | Learned a level 4 spell: Summon Ice Beast
  9640 | D:9      | Reached *** piety under Cheibriados
 10010 | D:9      | Reached skill level 10 in Summonings
 10010 | D:9      | Reached skill level 1 in Ice Magic
 10033 | D:9      | HP: 3/63 [electric eel/bolt of electricity (14)]
 10033 | D:9      | Killed from afar by an electric eel

Skill      XL: |  1  2  3  4  5  6  7  8  9 10 |
---------------+-------------------------------+-----
Summonings     | 5 6 7 8 10 | 10.0
Fighting       | 1 2 3 4 6 7 |  7.1
Dodging        | 3 4 5 6 7 8 |  8.4
Armour         | 1 2 3 4 |  4.0
Spellcasting   | 3 4 5 |  5.9
Polearms       | 2 4 |  4.0
Invocations    | 3 |  3.0
Ice Magic      | 1 |  1.1
Throwing       | |  0.2
Stealth        | |  2.0

Action                   |  1- 3 |  4- 6 |  7- 9 | 10-12 || total
-------------------------+-------+-------+-------+-------++-------
Melee: Unarmed           |    10 |       |       |       ||    10
       Club              |     8 |       |       |       ||     8
       Spear             |    43 |       |       |       ||    43
       Kick              |    18 |    29 |    55 |    17 ||   119
       Peck              |    11 |    29 |    34 |    12 ||    86
       Trident           |    54 |   214 |    34 |       ||   302
       Scythe            |       |       |   225 |   122 ||   347
Throw: Tomahawk          |     2 |     3 |       |       ||     5
 Cast: Summon Small Mamm |     2 |     3 |     1 |     1 ||     7
       Call Imp          |       |    13 |    45 |    16 ||    74
       Summon Ice Beast  |       |       |       |     1 ||     1
 Abil: Fly               |       |     1 |     1 |     1 ||     3
Evoke: Wand              |       |       |     4 |       ||     4
  Use: Scroll            |     6 |     6 |    10 |     5 ||    27
       Potion            |       |       |     2 |     8 ||    10
 Stab: Sleeping          |     6 |     7 |     2 |     1 ||    16
       Distracted        |       |     1 |     2 |     3 ||     6
  Eat: Chunk             |     4 |     8 |    15 |     3 ||    30
       Beef jerky        |       |       |     2 |       ||     2
       Fruit             |       |       |     1 |       ||     1
Armor: Robe              |    10 |       |       |       ||    10
       Ring mail         |    27 |    59 |   112 |       ||   198
       Leather armour    |       |       |    36 |    36 ||    72
       Skin              |       |       |       |   161 ||   161
Dodge: Dodged            |    40 |   110 |   360 |   205 ||   715
Block: Buckler           |    10 |    32 |     2 |       ||    44
